 Dungeon Crawl Stone Soup version 0.26-a0-695-g987792ac36 (webtiles) character file.

Game seed: 6313215808020884111

131 jestyr24 the Conjurer (level 4, -4/33 HPs)
             Began as a Draconian Conjurer on Oct 26, 2020.
             Slain by an orc
             ... wielding a +0 flail
              (7 damage)
             ... on level 2 of the Dungeon.
             The game lasted 00:18:09 (3298 turns).

jestyr24 the Conjurer (Draconian Conjurer)          Turns: 3298, Time: 00:18:10

Health: -4/33      AC:  5    Str:  9    XL:     4   Next: 91%
Magic:  0/7        EV: 11    Int: 19    God:
Gold:   65         SH:  3    Dex: 10    Spells: 4/7 levels left

rFire    . . .     SeeInvis .   b - +0 dagger
rCold    . . .     Faith    .   n - +0 buckler
rNeg     . . .     Spirit   +   (armour unavailable)
rPois    .         Reflect  .   (helmet restricted)
rElec    .         Harm     .   (no cloak)
rCorr    .         Rampage  .   (no gloves)
MR       .....                  (no boots)
Stlth    ++........             j - amulet of guardian spirit
HPRegen  0.11/turn              (no ring)
MPRegen  0.10/turn              (no ring)

@: no status effects
A: unfitting armour, cold-blooded, AC +5
a: no special abilities


You were on level 2 of the Dungeon.
You visited 1 branch of the dungeon, and saw 3 of its levels.

You collected 65 gold pieces.

Inventory:

Hand Weapons
 b - a +0 dagger (weapon)
 e - a +0 spear
 p - a +0 short sword
Missiles
 h - 8 boomerangs (quivered)
Armour
 n - a +0 buckler (worn)
Jewellery
 j - an amulet of guardian spirit (around neck)
Scrolls
 c - 3 scrolls of identify
 g - 3 scrolls of remove curse
 i - a scroll of immolation {unknown}
 k - a scroll of teleportation {unknown}
 l - a scroll of amnesia {unknown}
 m - a scroll of enchant armour {unknown}
 q - a scroll of enchant weapon {unknown}
Potions
 a - a potion of flight {unknown}
 d - 3 potions of curing
 f - 4 potions of might {unknown}
 o - a potion of resistance {unknown}
 r - a potion of heal wounds {unknown}


   Skills:
 + Level 0.2 Fighting
 + Level 0.3 Short Blades
 + Level 2.2 Dodging
 + Level 2.5 Stealth
 + Level 2.4 Spellcasting
 + Level 5.4 Conjurations


You had 4 spell levels left.
You knew the following spells:

 Your Spells              Type           Power        Failure   Level
a - Magic Dart            Conj           ###.         2%          1
b - Searing Ray           Conj           ###...       4%          2

Your spell library contained the following spells:

 Spells                   Type           Power        Failure   Level
 Dazzling Flash           Conj/Hex       ##....       26%         3
 Fulminant Prism          Conj/Hex       ##........   65%         4
 Iskenderun's Mystic Bla  Conj/Tloc      ##......     65%         4


Dungeon Overview and Level Annotations

Branches:
Dungeon (3/15)

Altars:


Innate Abilities, Weirdness & Mutations

Your plain brown scales are hard. (AC +5)
You cannot fit into any form of body armour.
You are cold-blooded and may be slowed by cold attacks.


Message History

* * * LOW HITPOINT WARNING * * *
You hit the orc but do no damage.
The orc is heavily wounded.
The orc hits you but does no damage. The orc closely misses you.
You hit the orc but do no damage.
The orc is heavily wounded.
The orc misses you. The orc closely misses you.
You closely miss the orc.
The orc is heavily wounded.
You block the orc's attack.
You closely miss the orc.
The orc is heavily wounded.
The orc barely misses you.
You hit the orc.
The orc is almost dead.
You block the orc's attack. The orc closely misses you.
You hit the orc.
You kill the orc!
The orc hits you with a +0 flail!
You die...

#.##.###.# #.##.##.#### #.##.#
#.# #.##.##.# #.##.# #.#
#.##.##.#### ##########.##.# #.#
#.##........
..[.......[...###.####.#####.####
##########..............####.# #
# #############....##.# # #
##############.#>##.# # #
#....>o@)...)..#.##.####
##########.##############.##.....
...#...........# #.#######
.(...#####.###.# #.# # ...### #.#
#.# #.# # #### #.# #.# #.#######
.# ###.# #.### #.......# .# #...#
#...# #######.. .# #.### ###.#
#.#


You could see an orc.

Vanquished Creatures
  3 adders (D:2)
  An ooze (D:2)
  4 worms (D:2)
  3 dart slugs
  2 leopard geckos
  2 orcs
  4 giant cockroaches
  5 goblins
  7 hobgoblins
  9 jackals (D:1)
  2 quokkas (D:2)
  4 ball pythons
  11 bats
  4 frilled lizards
  4 kobolds
  10 rats
75 creatures vanquished.

Notes
Turn   | Place    | Note
-------+----------+-------------------------------------------
     0 | D:1      | jestyr24 the Draconian Conjurer began the quest for the
                  | Orb.
     0 | D:1      | Reached XP level 1. HP: 14/14 MP: 3/3
   476 | D:1      | Reached XP level 2. HP: 20/20 MP: 3/5
   480 | D:1      | Learned a level 2 spell: Searing Ray
  1060 | D:1      | Reached XP level 3. HP: 26/26 MP: 2/6
  1353 | D:1      | Reached skill level 5 in Conjurations
  1748 | D:2      | Reached XP level 4. HP: 24/33 MP: 1/7
  3298 | D:2      | Slain by an orc

Illustrated notes

Levels and vault maps discovered:
D:1:      minmay_arrival_split_and_join, layout_basic, minmay_misc_feat_enclosed
D:2:      layout_loops_ring
D:3:      layout_rooms

Skill      XL: |  1  2  3  4 |
---------------+-------------+-----
Conjurations   | 5 |  5.4
Dodging        | 2 |  2.2
Stealth        | 2 |  2.5
Fighting       | |  0.2
Short Blades   | |  0.3
Spellcasting   | |  2.4

Action                   |  1- 3 |  4- 6 || total
-------------------------+-------+-------++-------
Melee: Dagger            |     8 |    50 ||    58
       Whip              |     9 |       ||     9
       Tailslap          |     1 |     5 ||     6
 Cast: Magic Dart        |    50 |    18 ||    68
       Searing Ray       |     8 |    18 ||    26
  Use: Scroll            |     2 |       ||     2
 Stab: Sleeping          |     1 |     2 ||     3
Armor: Skin              |     8 |    21 ||    29
Dodge: Dodged            |    14 |    53 ||    67
Block: Buckler           |       |     4 ||     4

Table legend: (Time is in decaauts)
 A = Elapsed time spent in this place.
 B = Non-inter-level travel time spent in this place.
 C = Inter-level travel time spent in this place.
 D = Time resting spent in this place.
 E = Time spent auto-exploring this place.
 F = Levels seen in this place.
 G = Mean time per level.
                   A        B        C        D        E       F      G
               +--------+--------+--------+--------+--------+-----+--------+
         Total |   3306 |   3236 |     70 |   1370 |   1102 |   3 | 1102.0 |
       Dungeon |   3306 |   3236 |     70 |   1370 |   1102 |   3 | 1102.0 |
               +--------+--------+--------+--------+--------+-----+--------+

Top non-repeatable levels by time:
     D:2: 1650 daAuts
     D:1: 1486 daAuts
     D:3: 169 daAuts
